 Dungeon Crawl Stone Soup version 0.19.4 (webtiles) character file.

90 Naow the Magician (level 4, 0/24 HPs)
             Began as a Deep Elf Fire Elementalist on Feb 5, 2017.
             Slain by ImaNewbie's ghost (15 damage)
             ... on level 3 of the Dungeon.
             The game lasted 00:03:02 (2243 turns).

Naow the Magician (Deep Elf Fire Elementalist)      Turns: 2243, Time: 00:03:02

Health: 0/24       AC:  2    Str:  5    XL:     4   Next: 32%
Magic:  1/12       EV: 13    Int: 21    God:
Gold:   124        SH:  0    Dex: 15    Spells: 3 memorised, 5 levels left

rFire  . . .     SeeInvis .     (no weapon)
rCold  . . .     Gourm    .     a - +0 robe
rNeg   . . .     Faith    .     (no shield)
rPois  .         Spirit   .     (no helmet)
rElec  .         Reflect  .     (no cloak)
rCorr  .         Harm     .     (no gloves)
MR     .....                    (no boots)
Stlth  ++........               (no amulet)
                                (no ring)
                                (no ring)

@: no status effects
A: no striking features
a: no special abilities


You were on level 3 of the Dungeon.
You were not hungry.

You visited 1 branch of the dungeon, and saw 3 of its levels.

You collected 124 gold pieces.

Inventory:

Armour
 a - a +0 robe (worn)
Jewellery
 p - an uncursed amulet of guardian spirit {unknown}
Scrolls
 e - 4 scrolls of remove curse {unknown}
 h - 4 scrolls of identify {unknown}
 j - a scroll of noise {unknown}
 l - a scroll of random uselessness {unknown}
 m - a scroll of magic mapping {unknown}
 o - a scroll of recharging {unknown}
 q - a scroll of fog {unknown}
Potions
 f - a potion of berserk rage {unknown}
 g - 2 potions of agility {unknown}
 i - a potion of degeneration {unknown}
 k - 2 potions of invisibility {unknown}
Books
 b - a book of Flames

   Spells                             Type                      Level
   a - Flame Tongue                   Conjuration/Fire             1
   b - Throw Flame                    Conjuration/Fire             2
   c - Conjure Flame                  Conjuration/Fire             3
   d - Inner Flame                    Hexes/Fire                   3
   e - Sticky Flame                   Conjuration/Fire             4
   f - Fireball                       Conjuration/Fire             5
Comestibles
 c - 5 bread rations
 d - a meat ration
 n - 2 beef jerkies
 r - 4 chunks of flesh


   Skills:
 - Level 2.4 Dodging
 - Level 2.4 Stealth
 + Level 4.4 Spellcasting
 + Level 2.9 Conjurations
 + Level 4.0 Fire Magic


You had 5 spell levels left.
You knew the following spells:

 Your Spells              Type           Power        Failure   Level  Hunger
a - Flame Tongue          Conj/Fire      ###..        2%          1    None
b - Throw Flame           Conj/Fire      ###...       4%          2    #......
c - Conjure Flame         Conj/Fire      ###.....     10%         3    ##.....


Dungeon Overview and Level Annotations

Branches:
Dungeon (3/15)

Altars:

Annotations:
D:3 ImaNewbie's ghost, amateur GrFi; Terence


Message History

Casting: Throw Flame
Confirm with . or Enter, or press ? or * to list all spells.
Aiming: Throw Flame
Press: ? - help, Shift-Dir - straight line, f/p - Terence
Aim: Terence, wielding a trident and wearing a glowing chain mail The puff of flame misses Terence.
Terence hits you from afar with a trident.
Casting: Throw Flame
Confirm with . or Enter, or press ? or * to list all spells.
Aiming: Throw Flame
Press: ? - help, Shift-Dir - straight line, f/p - Terence
Aim: Terence, wielding a trident and wearing a glowing chain mail The puff of flame hits Terence.
Terence is lightly wounded.
Terence closely misses you.
Terence hits you from afar with a trident!
ImaNewbie's ghost whispers, "Death is liberation."
ImaNewbie's ghost hits you!
Ouch! That really hurt!
You die...

####### ####
####.....##....
#..............
#..............
#......).......
#..............
#..............
#..............
#..@W..........
#....@.........
#........##....
###.###.## ....
#.##..# ##.#
#.##.## ###...
#.##.####... ..
##)##.##...##...
#......#.#...(.


You could see Terence and ImaNewbie's ghost.

Vanquished Creatures
  2 adders
  An ooze (D:1)
  2 worms (D:2)
  2 dart slugs
  2 leopard geckos
  An orc (D:3)
  9 bats
  8 goblins
  9 hobgoblins
  A quokka (D:3)
  9 frilled lizards
  6 kobolds
  4 rats
56 creatures vanquished.

Vanquished Creatures (others)
  4 toadstools (D:1)
4 creatures vanquished.

Grand Total: 60 creatures vanquished

Notes
Turn   | Place    | Note
-------+----------+-------------------------------------------
     0 | D:1      | Naow the Deep Elf Fire Elementalist began the quest for the Orb.
     0 | D:1      | Reached XP level 1. HP: 10/10 MP: 6/6
   198 | D:1      | Reached XP level 2. HP: 15/15 MP: 4/8
   326 | D:1      | You fall through a shaft!
   387 | D:2      | Reached XP level 3. HP: 19/19 MP: 3/10
   393 | D:2      | Learned a level 2 spell: Throw Flame
   397 | D:2      | Learned a level 3 spell: Conjure Flame
  1398 | D:1      | Reached XP level 4. HP: 16/24 MP: 2/12
  2222 | D:3      | Noticed Terence
  2233 | D:3      | Noticed ImaNewbie's ghost (amateur GrFi)
  2243 | D:3      | Slain by ImaNewbie's ghost

Skill      XL: |  1  2  3  4 |
---------------+-------------+-----
Conjurations   | 2 |  2.9
Spellcasting   | 4 |  4.4
Fire Magic     | 4 |  4.0
Dodging        | |  2.4
Stealth        | |  2.4

Action                   |  1- 3 |  4- 6 || total
-------------------------+-------+-------++-------
Melee: Unarmed           |     3 |     1 ||     4
 Cast: Flame Tongue      |    70 |    24 ||    94
       Throw Flame       |       |     6 ||     6
  Eat: Chunk             |     1 |     3 ||     4
Armor: Robe              |     8 |       ||     8
Dodge: Dodged            |    17 |    10 ||    27
